 Dungeon Crawl Stone Soup version 0.23.2-1-ga50397a (webtiles) character file.

Game seed: 16150531389542503977

47 abesto the Insei (level 3, 0/26 HPs)
             Began as a Demonspawn Transmuter on June 2, 2019.
             Slain by Crazy Yiuf
             ... wielding a +2 quarterstaff of chaos
              (16 damage)
             ... on level 2 of the Dungeon.
             The game lasted 00:04:29 (980 turns).

abesto the Insei (Demonspawn Transmuter)             Turns: 980, Time: 00:04:29

Health: 0/26       AC:  2    Str: 10    XL:     3   Next: 48%
Magic:  5/6        EV: 12    Int: 14    God:
Gold:   53         SH:  0    Dex: 14    Spells: 5/6 levels left

rFire    . . .     SeeInvis .     - Unarmed
rCold    . . .     Gourm    .   (no shield)
rNeg     . . .     Faith    .   b - +0 robe
rPois    +         Spirit   .   (no helmet)
rElec    .         Reflect  .   (no cloak)
rCorr    .         Harm     .   (no gloves)
MR       .....                  (no boots)
Stlth    +.........             (no amulet)
HPRegen  0.08/turn              e - ring of poison resistance
MPRegen  0.10/turn              (no ring)

@: lethally poisoned (0 -> -17), appendage
A: claws 1, horns 2, powered by death 1
a: End Transformation


You were on level 2 of the Dungeon.
You were hungry.
You had grown temporary horns.
You visited 1 branch of the dungeon, and saw 2 of its levels.

You collected 53 gold pieces.

Inventory:

Missiles
 a - 35 arrows
Armour
 b - a +0 robe (worn)
Jewellery
 e - a ring of poison resistance (left claw)
Scrolls
 c - a scroll of immolation {unknown}
 h - a scroll of fear {unknown}
 i - a scroll of magic mapping {unknown}
 j - a scroll of identify
 k - a scroll of remove curse {unknown}
Potions
 f - a potion of resistance
Comestibles
 d - 2 rations
 g - 3 chunks of flesh


   Skills:
 + Level 1.0 Fighting
 + Level 2.1 Dodging
 + Level 3.6 Unarmed Combat
 + Level 2.1 Spellcasting
 + Level 2.1 Transmutations


You had 5 spell levels left.
You knew the following spells:

 Your Spells              Type           Power        Failure   Level  Hunger
a - Beastly Appendage     Tmut           #.....       10%         1    #......

Your spell library contained the following spells:

 Spells                   Type           Power        Failure   Level  Hunger
 Sticks to Snakes         Tmut           #.......     14%         2    ###....
 Spider Form              Tmut/Pois      #.........   41%         3    ###....
 Ice Form                 Ice/Tmut       #.......     83%         4    #####..
 Blade Hands              Tmut           #.........   95%         5    ######.


Dungeon Overview and Level Annotations

Branches:
Dungeon (2/15)

Altars:

Annotations:
D:2 Crazy Yiuf


Innate Abilities, Weirdness & Mutations

You have sharp fingernails.
You regenerate a little health from kills.
You have a pair of horns on your head.


Message History

You don't know that spell.
Unknown command.
Press: ? - help, v - describe, . - travel A stone wall.
Crazy Yiuf shouts!
Casting: Beastly Appendage (safe; 10% risk of failure)
Confirm with . or Enter, or press ? or * to list all spells.
You grow a pair of large bovine horns.
You are feeling hungry.
Crazy Yiuf says, "Announcement!
Ten shoe horse."
You open the door. You barely miss Crazy Yiuf.
Crazy Yiuf hits you with a +2 quarterstaff of chaos!
You are lethally poisoned!
You scratch Crazy Yiuf.
Crazy Yiuf is moderately wounded.
You feel sick.
Crazy Yiuf hits you with a +2 quarterstaff of chaos!
Ouch! That really hurt!
You die...

#.#.# ###.#.#####
..........#
....#.##### .)..#.#
###...#########
#รท#...#...#.### ###
###.#.....P..#..##...#
.....#......####@g...#
###.#...#.P## ###..)#
#.#..##### ### #.#..#
#.#... #.#.### #.#)#
#.... ...


You could see Crazy Yiuf.

Vanquished Creatures
  An adder (D:2)
  2 oozes
  3 dart slugs
  3 bats
  2 giant cockroaches (D:1)
  4 hobgoblins
  4 kobolds
  A frilled lizard (D:1)
  3 rats
  2 fungi (D:2)
25 creatures vanquished.

Notes
Turn   | Place    | Note
-------+----------+-------------------------------------------
     0 | D:1      | abesto the Demonspawn Transmuter began the quest for the
                  | Orb.
     0 | D:1      | Reached XP level 1. HP: 15/15 MP: 3/3
   199 | D:1      | Reached skill level 3 in Unarmed Combat
   261 | D:1      | Gained mutation: You have sharp fingernails. [demonic
                  | ancestry]
   261 | D:1      | Reached XP level 2. HP: 12/21 MP: 3/5
   841 | D:2      | Gained mutation: You regenerate a little health from kills.
                  | [demonic ancestry]
   841 | D:2      | Reached XP level 3. HP: 22/26 MP: 4/6
   972 | D:2      | Found a runed translucent door.
   973 | D:2      | Noticed Crazy Yiuf
   980 | D:2      | Slain by Crazy Yiuf

Skill      XL: |  1  2 |
---------------+-------+-----
Unarmed Combat | 3 |  3.6
Dodging        | 2 |  2.1
Transmutations | 2 |  2.1
Fighting       | |  1.0
Spellcasting   | |  2.1

Action                   || total
-------------------------++-------
Melee: Unarmed           ||    90
       Kick              ||    11
       Headbutt          ||     4
 Cast: Beastly Appendage ||    11
  Use: Scroll            ||     2
 Stab: Sleeping          ||     1
Armor: Robe              ||     6
Dodge: Dodged            ||    29
